[Event "Dutch Open 2022"]
[Site "Dieren"]
[Date "2022.07.29"]
[Round "4.12"]
[White "Labruyere, Roger"]
[Black "Baselmans, Luuk"]
[Result "1-0"]
[ECO "B30"]
[WhiteElo "2070"]
[BlackElo "2256"]
[Annotator "TA"]
[PlyCount "95"]
[EventDate "2022.07.14"]
[EventType "swiss"]
[EventCountry "NED"]
[SourceTitle "playchess.com"]
[Source "ChessBase"]
[SourceQuality "1"]
[TimeControl "40/5400+30:1800+30"]

1. e4 c5 2. Nf3 Nc6 3. Bb5 Nd4 4. Nxd4 cxd4 5. O-O a6 6. Bc4 {[%emt 0:00:44] B30: Sicilian: 2...Nc6 3 Bb5, lines without ...g6.} e6 7. d3 b5 8. Bb3 {[%emt 0:00:31] White is slightly better.} Bb7 9. Nd2 Ne7 10. Nf3 (10. f4 $16) 10... Nc6 $11 11. c3 Bc5 {[%emt 0:01:03] [#]} 12. Ng5 $146 {[%emt 0:04:52][%cal Og5f7] Threatens to win with Nxf7!} ({Predecessor:} 12. Bg5 Qa5 13. Rc1 Rc8 14. Bd2 Qd8 15. Qe2 O-O 16. h4 d6 17. h5 h6 18. c4 {0-1 (59) Seraoui,M (2123)-Salhi,N (1944) Tiaret 2017}) 12... Qe7 13. Qh5 g6 14. Qe2 Qf6 15. Nf3 h6 {[%emt 0:00:23] Against Bg5} 16. Bd2 g5 17. h3 Rc8 18. Rac1 O-O 19. Kh1 (19. c4 $5 ) 19... Qg7 20. Nh2 dxc3 21. bxc3 b4 (21... Ne7 $11 {keeps the balance.}) 22. cxb4 $16 Bxb4 {[%emt 0:00:37][%mdl 8192] [#] This move loses the game for Black.} ({Black should try} 22... Bd6 $14) 23. Rxc6 $1 $18 Bxc6 (23... Qb2 24. Rb6) 24. Bxb4 Rfe8 25. Qh5 Kh7 26. f4 gxf4 27. Rxf4 f5 {[%emt 0:00:07] [#]} 28. Ng4 $1 {[%emt 0:04:55][%cal Ob4c3][%mdl 512] Black must now prevent Bc3!} Bxe4 (28... Qg6 29. exf5) 29. dxe4 {[%emt 0:03:34][%cal Ob4c3] Bc3! is the strong threat.} fxg4 30. hxg4 Kg8 {[%emt 0:00:27] Prevents Rf7.} 31. Rf1 Qg5 32. Qxg5+ (32. Qf7+ $142 Kh8 {[#]} 33. Bc3+ $1 e5 34. Rf5) 32... hxg5 33. Rd1 Kf7 $2 (33... Rc7 34. Bd2 Rb8 35. Bxg5 Rb4) 34. Rxd7+ Kf6 35. Bd6 e5 36. Rf7+ Kg6 37. Rf5 Rh8+ 38. Kg1 Rc1+ 39. Kf2 Rhh1 40. Bxe5 Rce1 41. Rf3 a5 42. Bc3 Ref1+ 43. Kg3 Rfg1 44. e5 {[%emt 0:00:27][%cal Be4e5,Be5e6][%mdl 32] White mates.} Rh8 45. e6 Re8 46. Rf6+ Kh7 47. Rf7+ Kh6 48. Bg7+ {[%emt 0:00:12] Weighted Error Value: White=0.28 (precise) /Black=0.59} 1-0

[Event "Dutch Open 2022"]
[Site "Dieren"]
[Date "2022.07.29"]
[Round "4.13"]
[White "Pijkeren, Jan"]
[Black "Op den Dries, Johan"]
[Result "1-0"]
[ECO "A27"]
[WhiteElo "2196"]
[BlackElo "2104"]
[Annotator "TA"]
[PlyCount "89"]
[EventDate "2022.07.14"]
[EventType "swiss"]
[EventCountry "NED"]
[SourceTitle "playchess.com"]
[Source "ChessBase"]
[SourceQuality "1"]
[TimeControl "40/5400+30:1800+30"]

1. c4 e5 2. g3 Nc6 3. Nc3 f5 4. Nf3 Nf6 5. d4 e4 6. Nh4 {[%emt 0:00:10] A27: English Opening: Three Knights Variation.} d6 7. Bh3 {[%emt 0:01:20] [#]} (7. Ng2 $14) 7... f4 $146 (7... g6 $11 {and Black is okay.}) ({Predecessor:} 7... g6 8. Bg5 Bg7 9. Qd2 Ne7 10. f3 exf3 11. Nxf3 d5 12. cxd5 Nexd5 13. Ne5 Nxc3 14. Qxc3 {½-½ (42) Lai,H (2416)-Kunin,V (2592) Amsterdam 2016}) 8. Bxc8 $18 {[%emt 0:02:53] White is clearly better.} Qxc8 9. Bxf4 Qh3 10. Qd2 (10. Qa4 $18 {d5 is the strong threat.} Kf7 11. d5) 10... Be7 $16 11. O-O-O O-O 12. f3 Rae8 13. Bg5 Bd8 14. fxe4 (14. Bxf6 $16 Bxf6 15. Nxe4) 14... Nxe4 $11 15. Nxe4 Rxe4 16. Bxd8 Rxd4 17. Qc3 Rxd1+ (17... Qg4 $5 18. Rxd4 (18. Bxc7 $2 Rxc4 19. Bxd6 Rxc3+ 20. bxc3 Re8 $19) 18... Nxd4 $15) 18. Rxd1 Rxd8 19. Nf3 Re8 20. Qd3 Qh6+ 21. Rd2 Kh8 22. h4 Qf6 23. a3 h6 24. Kc2 (24. Qd5 $1 $15) 24... Ne5 (24... b6 $17) 25. Qe4 b6 26. Rd5 Qg6 27. Qxg6 Nxg6 {[%emt 0:00:04][%mdl 4096] Endgame KRN-KRN} 28. Kd2 Re4 29. Rd4 Re6 30. Kd3 Kg8 31. Re4 Rxe4 32. Kxe4 {[%emt 0:00:05] Hoping for Kd5. KN-KN} Kf7 {[%emt 0:00:12] [#]} ({Black should try} 32... c6 $1 $14) 33. Nd4 $1 $16 Ne5 (33... a6 $142) 34. Kd5 a6 {[%emt 0:02:36] Against Nb5} (34... Ng6 $16) 35. b3 $18 g6 $2 (35... Ke8 36. Ne6 Kd7 37. Nxg7 Ng4) 36. Ne6 Ng4 (36... Ke7 $142) 37. Nxc7 Ne3+ 38. Kxd6 Nf5+ 39. Kc6 Nxg3 40. Kxb6 Nf5 41. Kxa6 Nxh4 42. b4 {[%emt 0:00:40][%cal Bb3b4,Bb4b5,Bb5b6,Bb6b7][%mdl 32] [#] White threatens b5 and mate.} Ke7 43. b5 Kd7 44. b6 {[%emt 0:00:11] Nd5 would kill now.} Nf5 45. b7 {[%emt 0:00:34] Weighted Error Value: White=0.20 (precise) /Black=0.65} 1-0

[Event "Dutch Open 2022"]
[Site "Dieren"]
[Date "2022.07.29"]
[Round "4.14"]
[White "Kumar, Prajit Sai"]
[Black "Ochs, Daniel Elias"]
[Result "1-0"]
[ECO "D02"]
[WhiteElo "2040"]
[BlackElo "2156"]
[Annotator "TA"]
[PlyCount "97"]
[EventDate "2022.07.14"]
[EventType "swiss"]
[EventCountry "NED"]
[SourceTitle "playchess.com"]
[Source "ChessBase"]
[SourceQuality "1"]
[TimeControl "40/5400+30:1800+30"]

1. d4 d5 2. Nf3 Nf6 3. c3 e6 4. Bf4 Bd6 5. e3 O-O 6. Nbd2 {[%emt 0:00:06] D02: 1 d4 d5 2 Nf3 sidelines, including 2...Nf6 3 g3 and 2...Nf6 3 Bf4.} Bxf4 7. exf4 b6 8. Bd3 {[%emt 0:00:47] The position is equal.} Ba6 9. Bxa6 Nxa6 10. Qe2 Nb8 11. O-O c5 12. Rad1 Nc6 13. Ne5 {[%emt 0:01:03] [#]} Rc8 $146 ({Predecessor:} 13... Ne7 14. Ndf3 Ne4 15. Ng5 Nxg5 16. fxg5 Nf5 17. Qh5 cxd4 18. Nc6 g6 19. Qg4 Qd6 20. Nxd4 Nxd4 21. Rxd4 Qe5 22. Rfd1 Rac8 {½-½ (22) Winants,L (2513)-Khenkin,I (2547) Belgium 2018}) 14. Ndf3 Qc7 15. g3 Ne4 16. Rfe1 Rfe8 (16... Nd6 {keeps more tension.} 17. Ng5 cxd4 18. Nxc6 Qxc6 19. Qd3 g6) 17. dxc5 Nxc5 18. Nxc6 Qxc6 19. Nd4 Qb7 20. h4 f6 (20... h6 $11) 21. c4 dxc4 22. Qxc4 Qd5 23. Qxd5 exd5 24. Rxe8+ Rxe8 $16 {[%emt 0:00:12][%mdl 4096] Endgame KRN-KRN} 25. Kf1 Na4 26. Rd2 Rd8 27. f5 Rd7 28. f3 a5 29. Kf2 Kf7 30. Ne6 Nc5 {[%emt 0:02:13] [#]} 31. Nf4 {[%emt 0:00:00] White is more active.} d4 32. Ne2 d3 33. Nf4 Rd8 34. Ke3 Re8+ 35. Kf2 Rd8 36. g4 a4 (36... g5 $14 37. fxg6+ hxg6) 37. Ke3 Ke7 ({Black should try} 37... Re8+ 38. Kf2 Rc8) 38. Nxd3 Nxd3 39. Rxd3 {[%emt 0:00:00] KR-KR} Rc8 {[%emt 0:00:08] [#]} 40. Rc3 $1 {[%emt 0:00:00] Prevents Rc2.} Rc5 (40... Rb8 $18 41. Rc7+ Kf8) 41. Rxc5 {[%emt 0:01:13] White mates.} bxc5 {[%emt 0:30:28] KP-KP} 42. Kd3 Kd6 43. Kc4 Kc6 44. b4 axb3 45. Kxb3 Kb5 46. Kc3 c4 47. a3 Kc5 48. a4 h6 49. h5 {[%emt 0:00:19] Weighted Error Value: White=0.10 (very precise) /Black=0.27 (precise)} 1-0

[Event "Dutch Open 2022"]
[Site "Dieren"]
[Date "2022.07.29"]
[Round "4.15"]
[White "Saketh, Pedagandham"]
[Black "Achuthan, Dylan"]
[Result "1/2-1/2"]
[ECO "B22"]
[WhiteElo "1928"]
[BlackElo "1989"]
[Annotator "TA"]
[PlyCount "60"]
[EventDate "2022.07.14"]
[EventType "swiss"]
[EventCountry "NED"]
[SourceTitle "playchess.com"]
[Source "ChessBase"]
[SourceQuality "1"]
[TimeControl "40/5400+30:1800+30"]

1. e4 c5 2. c3 d5 3. exd5 Qxd5 4. d4 Nc6 5. Nf3 Bg4 6. Be2 cxd4 7. cxd4 e6 8. O-O Nf6 9. Nc3 Qa5 10. Re1 {[%emt 0:02:48] B22: Sicilian: 2 c3.} Bb4 11. Bd2 O-O 12. a3 {[%emt 0:00:10] The position is equal.} Bxc3 13. Bxc3 Qb6 {[%emt 0:02:16] [#]} 14. h3 $146 ({Predecessor:} 14. Qd2 Rfd8 15. Qf4 Bxf3 16. Bxf3 Nd5 17. Bxd5 Rxd5 18. Red1 Rad8 19. Rac1 e5 20. Qf3 Nxd4 21. Bxd4 Rxd4 22. Rxd4 Qxd4 {0-1 (53) Villalba,M (1817)-Salinas Herrera,P Federacion 2007}) 14... Bxf3 15. Bxf3 Rfd8 {[%emt 0:00:16][%cal Rc6d4] Prevents d5.} 16. Bxc6 Qxc6 17. Re5 Rd5 18. Qf3 Rc8 19. Rae1 ({Better is} 19. Rc1 $15) 19... Rxe5 $17 20. dxe5 Qxf3 21. gxf3 {[%emt 0:00:04][%mdl 4096] Endgame KRB-KRN} Nd5 22. Bd2 Rc2 23. Rc1 Rxc1+ 24. Bxc1 {[%emt 0:00:01] KB-KN} Kf8 (24... h6 $17 25. Be3 b6) 25. Kf1 Ke8 (25... h6 $17) 26. Ke2 $11 Kd7 27. Kd3 Kc6 28. Bd2 Kb5 29. b3 $1 Kc5 30. Be3+ Nxe3 {[%emt 0:08:47] Weighted Error Value: White=0.18 (very precise) /Black=0.12 (very precise)} (30... Kc6 $1 $15) 1/2-1/2

[Event "Dutch Open 2022"]
[Site "Dieren"]
[Date "2022.07.29"]
[Round "4.16"]
[White "Roorda, Thijs"]
[Black "De Boer, Bas"]
[Result "1/2-1/2"]
[ECO "D46"]
[WhiteElo "2113"]
[BlackElo "2136"]
[Annotator "TA"]
[PlyCount "43"]
[EventDate "2022.07.14"]
[EventType "swiss"]
[EventCountry "NED"]
[SourceTitle "playchess.com"]
[Source "ChessBase"]
[SourceQuality "1"]
[TimeControl "40/5400+30:1800+30"]

1. Nf3 d5 2. e3 Nf6 3. c4 c6 4. d4 e6 5. Nbd2 Nbd7 6. Bd3 Be7 7. O-O O-O 8. e4 {[%emt 0:00:27] 8.b3 is not played anymore.} dxe4 9. Nxe4 h6 {[%emt 0:06:37] D46: Semi-Slav: 5 e3 Nbd7 6 Bd3, Black avoids the Meran.} 10. Qe2 {[%emt 0:04:01] [#]} Re8 $146 ({Predecessor:} 10... Nxe4 11. Bxe4 Nf6 12. Bc2 b6 13. b3 a5 14. Bb2 a4 15. bxa4 Ba6 16. Rad1 Qc8 {1-0 (62) Stoyanov,T (2388)-Bychkov,V (2303) Chess.com INT 2020}) 11. b3 c5 {[%emt 0:15:41] White is slightly better.} 12. Bb2 Nxe4 13. Bxe4 cxd4 14. Nxd4 Nf6 15. Rad1 {[%emt 0:07:26] 0x0.00198b52d298dp-1022s more active pieces. The black rooks are badly placed.} Nxe4 {[%emt 0:02:48] [#]} (15... Qb6 $16 {was necessary.}) 16. Nc6 ({Much less strong is} 16. Qxe4 $6 Qb6 $16) (16. Nxe6 $1 $18 Bxe6 17. Rxd8 Raxd8 18. Qxe4) 16... Qc7 $14 17. Nxe7+ Rxe7 18. Qxe4 {[%emt 0:00:27] Hoping for Be5.} e5 19. h3 f6 $1 20. Ba3 Re8 21. Bd6 Qf7 22. Rfe1 {[%emt 0:02:01] Weighted Error Value: White=0.32/Black=0.14 (very precise)} 1/2-1/2

[Event "Dutch Open 2022"]
[Site "Dieren"]
[Date "2022.07.30"]
[Round "5.1"]
[White "Elgersma, Onno"]
[Black "Lahaye, Rick"]
[Result "0-1"]
[ECO "B51"]
[WhiteElo "2316"]
[BlackElo "2417"]
[Annotator "TA"]
[PlyCount "122"]
[EventDate "2022.07.14"]
[EventType "swiss"]
[EventCountry "NED"]
[SourceTitle "playchess.com"]
[Source "ChessBase"]
[SourceQuality "1"]
[TimeControl "40/5400+30:1800+30"]

1. e4 c5 2. Nf3 d6 3. Bb5+ Nd7 4. O-O Ngf6 5. Re1 a6 6. Bf1 b6 7. d4 cxd4 8. Nxd4 Bb7 9. f3 Qc7 {[%emt 0:00:42] B51: Sicilian: Moscow Variation (3 Bb5+) without 3...Bd7.} 10. c4 e6 11. Be3 Be7 {[%emt 0:00:16] White is slightly better.} 12. Nc3 O-O 13. Qd2 Rac8 14. Rac1 Qb8 15. Kh1 Kh8 16. Red1 Rg8 {[%emt 0:07:17] [#]} 17. b4 $146 ({Predecessor:} 17. b3 Ba8 18. Nc2 Ne5 19. Bg5 Rgd8 20. Ne3 Ng6 21. Nc2 h6 22. Be3 {0-1 (37) Shekhter,D (2200)-Sax,G (2521) Seefeld 2003}) 17... Bd8 18. Nb3 Bc7 19. Bf4 Ne5 20. Bxe5 dxe5 21. c5 Rgd8 22. Qf2 b5 23. a4 (23. Qe2 {seems wilder.} Rxd1 24. Rxd1 Rd8 25. Rxd8+ Qxd8 26. a4) 23... bxa4 24. Rxd8+ (24. Na1 {is more complex.} Rxd1 25. Rxd1 Rd8 26. Qc2) 24... Rxd8 25. Nxa4 Bxe4 $1 26. fxe4 {[%emt 0:06:59] aiming for Qe1.} Qxb4 27. Qa2 Qxe4 28. Nc3 {[%emt 0:01:21] Pair of Knights!} (28. Bxa6 Qe3 29. Rf1 e4 $17) 28... Qf4 (28... Qf5 $1 $14) 29. g3 $16 Qh6 30. Qxa6 (30. Bxa6 e4 $16) (30. Qg2 $14) 30... e4 $11 {[%emt 0:00:57] ...Ng4 is the strong threat.} 31. Qe2 {[%emt 0:03:42] Against Ng4} Bxg3 {[%emt 0:00:20][%cal Of6g4] Threatens to win with ...Ng4!} 32. Rd1 (32. Rc2 $11 {remains equal.}) 32... Rb8 $1 $17 {[%emt 0:01:54][%mdl 1024] And now ...Ng4 would win. Black has strong compensation.} 33. Qg2 Bf4 34. Nd4 {[%emt 0:02:07] [#]} Ng4 $1 35. Nc6 {[%emt 0:00:39] [#]} (35. Nxe4 $2 Ne3 36. Nd6 Bxd6 $19) 35... Rf8 36. Rd8 Rxd8 {[%emt 0:00:48] Chess con chili.} 37. Nxd8 {[%emt 0:00:02] [#]} Kg8 38. h3 (38. Nxe4 $2 Nxh2 39. Qh3 Nxf1 $19) 38... Ne3 39. Qf2 {[%emt 0:00:07] [#]} Qg5 $40 {[%emt 0:00:00][%mdl 128] Black mounts an attack.} (39... Qf6 $1 $17 {White must now prevent ...g5.} 40. Nc6 (40. Nxe4 Qe5 $17) 40... g5) 40. Nc6 $2 {[%emt 0:01:13][%mdl 8192] White is now going downhill.} (40. Nxe4 Qe5 41. Bg2 Nxg2 42. Qxg2 Qa1+ 43. Qg1 Qa4 44. Nf6+ Kf8 45. Nxe6+ (45. Nxh7+ $2 Ke8 $19) 45... fxe6 46. Nxh7+ Kg8 47. Nf6+ Kf7 $17) (40. Ne2 $1 $11 {and White is okay.}) 40... Nxf1 $19 41. Nxe4 ({Not} 41. Qxf1 $2 Qg3 42. Qg2 Qxc3) 41... Ng3+ 42. Nxg3 Bxg3 {[%emt 0:09:39][%mdl 4096] Endgame KQB-KQN} 43. Qd4 h6 {[%emt 0:00:26] Strongly threatening ...Bc7.} 44. Qd7 (44. Qd8+ $142 Qxd8 45. Nxd8) 44... Qf4 45. Qd3 {[%emt 0:01:16] Inhibits Qf1+.} Qc1+ (45... Qf2 $2 {gets mated.} 46. Ne7+ Kh8 47. Qd8+ Kh7 48. Qg8#) 46. Kg2 {[%emt 0:00:01] White threatens Ne7+ and mate.} Qxc5 ({Don't blunder} 46... Bc7 $2 47. Qd4 $19) 47. Qd8+ (47. Nd4 $142) 47... Kh7 48. Qd3+ f5 49. Nd4 Be5 50. Nf3 Bf6 51. Qd7 Qc2+ 52. Kf1 Qe4 53. Qd1 Qf4 54. Kg2 e5 55. Qe2 e4 56. Nd2 Be5 {[%emt 0:01:55] ( -> ...Qh2+)} 57. Nf1 Qg5+ {[%emt 0:00:09] Black mates.} 58. Kh1 Bd4 59. Qh2 f4 60. h4 Qg4 61. h5 Qf3+ {[%emt 0:00:42] Weighted Error Value: White=0.41/Black=0.28 (precise)} (61... f3 $142 62. Qg3 Qxg3 63. Nxg3 e3 64. Kh2 e2 65. Kh3 e1=Q 66. Kg4 Be5 67. Kf5 Bxg3 68. Kg4 f2 69. Kh3 f1=Q+ 70. Kg4 Qf4+ 71. Kh3 Qh1#) 0-1

[Event "Dutch Open 2022"]
[Site "Dieren"]
[Date "2022.07.30"]
[Round "5.2"]
[White "Van Roon, Sjoerd"]
[Black "Van Baar, Esper"]
[Result "1-0"]
[ECO "B52"]
[WhiteElo "2310"]
[BlackElo "2281"]
[Annotator "TA"]
[PlyCount "81"]
[EventDate "2022.07.14"]
[EventType "swiss"]
[EventCountry "NED"]
[SourceTitle "playchess.com"]
[Source "ChessBase"]
[SourceQuality "1"]
[TimeControl "40/5400+30:1800+30"]

1. e4 c5 2. Nf3 d6 3. Bb5+ Bd7 4. Bxd7+ Qxd7 5. c4 e5 6. Nc3 Nc6 7. d3 Be7 {[%emt 0:00:15] is now more promising than 7...g6. B52: Sicilian: Moscow Variation with 3...Bd7.} 8. O-O f5 9. exf5 Qxf5 {[%emt 0:00:25] The position is equal.} 10. Nd5 {[%emt 0:00:35] [#] Hoping for Nc7+.} Bd8 $146 {[%emt 0:00:29] Prevents Nc7+.} ({Predecessor:} 10... Qd7 11. Be3 Nf6 12. Nxe7 Nxe7 13. Re1 O-O 14. Ng5 Ng4 15. Ne4 Nxe3 16. Rxe3 Nf5 {0-1 (41) Tiemann,C (2083)-Tkachuk,K (2214) Playchess.com INT 2009}) 11. Ng5 Nf6 12. f4 {[%emt 0:01:15] fxe5 is the strong threat.} Qd7 ({Better is} 12... O-O $1 $11) 13. f5 {[%emt 0:09:51] White wants to play Ne6.} O-O 14. Ne6 $36 {[%emt 0:00:14][%mdl 2048] White is more active.} Rf7 15. Bg5 Nd4 {[%emt 0:07:12] And now ...Nxd5 would win.} 16. Bxf6 Bxf6 17. Nxd4 exd4 18. Qh5 Raf8 19. Rf3 Be5 20. Rh3 h6 21. g4 Qd8 ({Black should play} 21... b5 $14) 22. Qg6 $16 {[%emt 0:00:00] Threatens to win with Rxh6.} Qg5 23. Qxg5 hxg5 {[%emt 0:00:04] [#]} 24. Rh5 $1 Bf6 (24... a6 {might work better.} 25. a4 (25. Rxg5 b5 $16) 25... Re8) 25. Re1 $18 a6 26. Re4 (26. Re6 $18 {and White stays clearly on top.}) 26... b5 $16 27. cxb5 {[%emt 0:00:00] 0x0.00208e730f81dp-1022s more active pieces.} axb5 28. h4 Be5 29. hxg5 {[%emt 0:00:00] Black must now prevent g6.} g6 $1 30. Rh3 (30. fxg6 $2 {is a self mate.} Rf1+ 31. Kg2 R8f2+ 32. Kh3 Rh2#) (30. Rxe5 $11 {keeps the balance.} dxe5 31. fxg6 Rf1+ 32. Kg2) 30... gxf5 $17 31. gxf5 {[%emt 0:00:00] Strongly threatening f6.} Rg7 32. g6 Rxf5 33. Rg4 Bf6 $2 {[%emt 0:01:15][%mdl 8192] [#] A mistake that costs the game.} (33... Rd7 $15 {keeps the upper hand.}) 34. Rh5 $3 $18 {[%emt 0:00:00][%mdl 512] White is clearly winning.} Rxd5 (34... Rf3 $2 35. Kg2) 35. Rxd5 {[%emt 0:00:00][%mdl 4096] Endgame KRR-KRB} Be5 (35... Be7 $142 36. Kg2 Bf8) 36. b4 c4 37. Rxb5 Ra7 38. dxc4 Rxa2 39. g7 {[%emt 0:00:00] Intending Rb8+ and mate.} Ra8 {[%emt 0:00:25] Prevents Rb8+.} 40. Kf2 Rc8 41. Ke2 {[%emt 0:19:43] Weighted Error Value: White=0.20 (precise) /Black=0.50} 1-0

[Event "Dutch Open 2022"]
[Site "Dieren"]
[Date "2022.07.30"]
[Round "5.3"]
[White "Grutter, Tim"]
[Black "De Winter, Arthur"]
[Result "0-1"]
[ECO "B32"]
[WhiteElo "2246"]
[BlackElo "2150"]
[Annotator "TA"]
[PlyCount "66"]
[EventDate "2022.07.14"]
[EventType "swiss"]
[EventCountry "NED"]
[SourceTitle "playchess.com"]
[Source "ChessBase"]
[SourceQuality "1"]
[TimeControl "40/5400+30:1800+30"]

1. e4 c5 2. Nf3 Nc6 3. d4 cxd4 4. Nxd4 e5 5. Nb5 d6 6. c4 Be6 $1 {[%emt 0:00:24][%mdl 4] is now more promising than 6...Be7.} 7. N1c3 a6 8. Na3 g6 {[%emt 0:00:14] B32: Sicilian: Löwenthal and Kalashnikov Variations.} 9. Bd3 Bg7 10. O-O Nf6 {[%emt 0:00:45] The position is equal.} 11. Nc2 O-O {[%emt 0:01:35] [#]} 12. Rb1 $146 ({Predecessor:} 12. b3 Rc8 13. Ba3 Nh5 14. g3 Nf6 15. Be2 Nd4 16. Qd3 b5 17. Ne3 Qa5 18. Bb2 bxc4 19. bxc4 {0-1 (58) Matta,V (2305)-Risteski,E (2363) Arandjelovac 2022}) 12... Nh5 13. g3 b5 14. cxb5 axb5 15. Bxb5 Nd4 16. Bd3 Qd7 17. Nxd4 exd4 18. Nd5 {[%emt 0:00:22] And now Nb6 would win.} Rxa2 19. Bc4 Ra7 20. b3 Nf6 $1 21. Bb2 Nxd5 ({But not} 21... Nxe4 22. Bxd4 Bxd5 23. Bxd5 $14) 22. exd5 Bf5 (22... Bg4 {keeps more tension.} 23. Qd2 Bf3 24. Qf4 Qf5) 23. Ra1 ({White should try} 23. Rc1 $11) 23... Rfa8 24. Rxa7 Qxa7 25. Re1 Qa5 $36 {[%emt 0:02:28][%cal Of5c2][%mdl 2048] Threatens to win with ...Bc2! Black is pushing.} 26. Qa1 Qxa1 27. Bxa1 {[%emt 0:01:32] This move loses the game for White.} ({White must play} 27. Rxa1 $15 Rxa1+ 28. Bxa1) 27... Bc2 $19 {[%emt 0:00:08] [#] Hoping for ...d3.} 28. Kg2 $2 (28. Rf1) 28... d3 29. Bxg7 Kxg7 30. Rf1 Re8 {[%emt 0:00:49] aiming for ...d2.} 31. Bb5 Re7 {[%emt 0:00:08] [#] ...d2 is the strong threat.} 32. Kf3 d2 33. Be2 Bxb3 {[%emt 0:00:02] Weighted Error Value: White=0.49/Black=0.05 (flawless)} 0-1

[Event "Dutch Open 2022"]
[Site "Dieren"]
[Date "2022.07.30"]
[Round "5.4"]
[White "Balaji Sekar"]
[Black "Domalchuk-Jonasson, Aleksandr"]
[Result "0-1"]
[ECO "C02"]
[WhiteElo "1189"]
[BlackElo "2244"]
[Annotator "TA"]
[PlyCount "52"]
[EventDate "2022.07.14"]
[EventType "swiss"]
[EventCountry "NED"]
[SourceTitle "playchess.com"]
[Source "ChessBase"]
[SourceQuality "1"]
[TimeControl "40/5400+30:1800+30"]

1. e4 e6 2. d4 d5 3. e5 c5 4. c3 Nc6 5. Nf3 Nge7 6. Na3 cxd4 7. cxd4 Nf5 8. Nc2 Qb6 9. Bd3 {[%emt 0:00:22] 9.Be2 is not played anymore. C02: French: Advance Variation.} Bd7 (9... Ncxd4 $2 10. Nfxd4 Nxd4 11. Nxd4 $18) (9... Nfxd4 $2 10. Ncxd4 Nxd4 11. Nxd4 $18 (11. Qa4+ Nc6 $15)) 10. O-O Be7 {[%emt 0:02:46] Against b4} (10... Nfxd4 $2 11. Nfxd4 Nxe5 12. Be2 $18) (10... Nb4 $11) 11. b4 {[%emt 0:04:45] [#] White is slightly better.} a5 $146 (11... Ncxd4 $2 12. Nfxd4 Nxd4 13. Be3 $18) (11... Nxb4 $2 12. Rb1 $18) (11... Nfxd4 12. Nfxd4 Nxe5 13. Be2 $16) ({Predecessor:} 11... Rc8 12. a3 a5 13. Rb1 axb4 14. axb4 Na7 15. g4 Nh6 16. Ne3 Nb5 17. Bb2 f6 {0-1 (36) Zhigalko,A (2568)-Vitiugov,N (2638) Warsaw 2008}) 12. b5 (12. g4 $14 Nh4 13. Nxh4 Bxh4 14. bxa5 Qxa5 15. Rb1) 12... Ncxd4 $11 13. Nfxd4 Nxd4 14. Qg4 Nxc2 15. Qxg7 {[%emt 0:00:08] [#]} (15. Bxc2 $15 g6 16. Bd3) 15... O-O-O $1 $17 16. Bxc2 Bxb5 17. Re1 (17. Rb1 $17 Qc6 18. Rxb5 Qxb5 19. Qxf7) 17... Rdg8 (17... Bh4 $142 18. Be3 d4) 18. Qxf7 (18. Qh6 $142) 18... Bc5 $1 $19 {[%emt 0:09:20] Strongly threatening ...Rf8.} 19. Be3 d4 20. Bh6 d3 ({Not} 20... Qc6 21. Be4 Qd7 22. Qxd7+ Kxd7 23. Rac1 $14) 21. Bb3 Rg6 $40 {[%emt 0:00:10][%mdl 128] White is in trouble.} (21... Kb8 $1 $19 {has better winning chances.} 22. Kh1 Bxf2) 22. Rac1 $2 {[%emt 0:18:55][%mdl 8192] This costs White the game.} (22. Be3 $17 Qc6 23. g3) 22... Kb8 {[%emt 0:02:47] aiming for ...Bc6.} ({Weaker is} 22... Rxh6 23. Qe7 $11 (23. Qg7 Rd8 $17)) 23. Rxc5 Qxc5 24. Rc1 {[%emt 0:00:01] [#]} Qb4 25. Qc7+ (25. Qf4 $142 Bc6 26. Qxb4 axb4 27. Rxc6 bxc6 28. Be3) 25... Ka8 {[%emt 0:00:06] ...d2 is the strong threat.} 26. Be3 {[%emt 0:01:11] [#]} Rxg2+ $3 {[%emt 0:02:05][%mdl 512] Weighted Error Value: White=1.18/Black=0.31} 0-1

[Event "Dutch Open 2022"]
[Site "Dieren"]
[Date "2022.07.30"]
[Round "5.5"]
[White "Stillger, Bernhard"]
[Black "Burdalev, Kirill"]
[Result "1/2-1/2"]
[ECO "D30"]
[WhiteElo "2245"]
[BlackElo "2381"]
[Annotator "TA"]
[PlyCount "28"]
[EventDate "2022.07.14"]
[EventType "swiss"]
[EventCountry "NED"]
[SourceTitle "playchess.com"]
[Source "ChessBase"]
[SourceQuality "1"]
[TimeControl "40/5400+30:1800+30"]

1. d4 Nf6 2. Nf3 d5 3. c4 c6 4. Qc2 dxc4 5. Qxc4 b5 6. Qd3 e6 7. g3 Bb7 8. Bg2 Nbd7 {[%emt 0:00:53] D30: Queen's Gambit Declined: Systems without Nc3.} 9. O-O a6 10. Be3 c5 {[%emt 0:13:33] The position is equal.} 11. dxc5 {[%emt 0:01:14] [#]} Be4 $146 {[%emt 0:17:52] [#]} (11... Bxc5 $11 12. Rc1 Bxe3 13. Qxe3 O-O) ({Predecessor:} 11... Bxc5 12. Nbd2 O-O 13. Rac1 Rc8 14. Nb3 Be7 15. Bd4 Rxc1 16. Rxc1 Qa8 17. Ne1 Bxg2 18. Nxg2 {0-1 (48) Barp,A (2388)-Tabatabaei,M (2643) Cattolica 2022}) 12. Qd1 ({White should play} 12. Qa3 $1 $16) 12... Nxc5 {[%emt 0:01:49] [#]} (12... Bxc5 $14 13. Bxc5 Nxc5) 13. Qxd8+ $1 $16 Rxd8 14. Nbd2 Bd5 {[%emt 0:06:12] Weighted Error Value: White=0.19 (very precise) /Black=0.44} 1/2-1/2